 Dungeon Crawl Stone Soup version 0.26-a0-487-gbff1e92059 (webtiles) character file.

Game seed: 15353621682818160583

1866 ANON1729 the Cudgeler (level 8, 0/83 HPs)
             Began as a Troll Berserker on Aug 2, 2020.
             Was an Elder of Trog.
             Slain by a phantom (10 damage)
             ... on level 7 of the Dungeon.
             The game lasted 00:07:06 (4912 turns).

ANON1729 the Cudgeler (Troll Berserker)             Turns: 4912, Time: 00:07:06

Health: 0/83       AC:  6    Str: 27    XL:     8   Next: 90%
Magic:  7/7        EV: 11    Int:  4    God:    Trog [****..]
Gold:   344        SH:  0    Dex:  9    Spells: 7/7 levels left

rFire    . . .     SeeInvis .   o - +0 morningstar
rCold    . . .     Faith    .   (no shield)
rNeg     . . .     Spirit   .   b - +0 animal skin
rPois    .         Reflect  .   (helmet restricted)
rElec    .         Harm     .   (no cloak)
rCorr    .                      (gloves unavailable)
MR       .....                  (boots unavailable)
Stlth    +.........             (no amulet)
HPRegen  0.63/turn              (no ring)
MPRegen  0.10/turn              (no ring)

@: no status effects
A: large, unfitting armour, claws 3, regeneration 1, shaggy fur 1, tough skin 3
a: Berserk, Trog's Hand, Brothers in Arms, Renounce Religion


You were on level 7 of the Dungeon.
You worshipped Trog.
Trog was greatly pleased with you.
You visited 1 branch of the dungeon, and saw 7 of its levels.

You collected 344 gold pieces.

Inventory:

Hand Weapons
 a - a +0 mace
 o - a +0 morningstar (weapon)
Armour
 b - a +0 animal skin (worn)
 q - a +0 tower shield
Jewellery
 r - an uncursed ring of stealth {unknown}
 t - an uncursed ring of see invisible {unknown}
 u - a cursed ring of attention {unknown}
 v - an uncursed ring of protection from magic {unknown}
 w - an uncursed ring of protection from magic {unknown}
Wands
 x - a wand of flame (15)
Scrolls
 c - 3 scrolls of fog {unknown}
 e - 12 scrolls of identify {unknown}
 f - 4 scrolls of teleportation {unknown}
 g - 3 scrolls of enchant weapon {unknown}
 k - 4 scrolls of remove curse {unknown}
 n - 2 scrolls of immolation {unknown}
 s - 2 scrolls of blinking {unknown}
 y - a scroll of summoning {unknown}
 C - a scroll of torment {unknown}
Potions
 d - 5 potions of curing
 h - 4 potions of degeneration {unknown}
 i - a potion of haste {unknown}
 j - a potion of ambrosia {unknown}
 l - a potion of brilliance {unknown}
 m - 2 potions of lignification {unknown}
 p - a potion of flight {unknown}
 z - 2 potions of invisibility {unknown}
 A - a potion of heal wounds {unknown}
 B - a potion of stabbing {unknown}


   Skills:
 * Level 6.1 Fighting
 * Level 6.7 Maces & Flails
 + Level 5.0 Dodging
 + Level 3.0 Shields


You had 7 spell levels left.
You didn't know any spells.
Your spell library was empty.

Dungeon Overview and Level Annotations

Branches:
Dungeon (7/15)
 Temple: D:4-7

Altars:
Cheibriados
Dithmenos
Elyvilon
Fedhas
Makhleb
Nemelex Xobeh
Trog
Zin

Shops:
D:6 *


Innate Abilities, Weirdness & Mutations

You are too large for most types of armour.
You have claws for hands.
Your natural rate of healing is unusually fast.
You are covered in fur. (AC +1)
You have extremely tough skin. (AC +3)


Message History

* * * LOW HITPOINT WARNING * * *
Something hits you but does no damage.
Unknown command.
Your black bear barely misses the ice beast.
Your black bear claws the ice beast.
Your black bear barely misses the ice beast.
Your black bear rages.
The phantom hits you.
* * * LOW HITPOINT WARNING * * *
Unknown command.
Your black bear closely misses the ice beast.
Your black bear claws the ice beast.
Your black bear claws the ice beast but does no damage.
The phantom misses you. The ice beast misses you.
Your black bear barely misses the ice beast. x2
Your black bear claws the ice beast.
Your black bear barely misses the ice beast. x2
Your black bear closely misses the ice beast.
The phantom hits you!
You die...

.#.................
..#....................
..#.#....##............
.............).⌠.⌠.....
................_o.....
............(##⌠.⌠.....
#......##K(###.......
#....####o5...#...##.
#...@.##(o........
##...WYo##........
#.....h.#........
###.##.....##....
###.......#....
............ ....##....
.. ....# #.... .....#
...


You could see a phantom, an ice beast, an orc and a friendly black bear
(summoned, berserk).

Vanquished Creatures
  A hippogriff (D:4)
  A sky beast (D:6)
  2 orc warriors (D:6)
  2 phantoms
  An ogre (D:5)
  3 centaurs
  A water moccasin skeleton (D:5)
  A scorpion (D:6)
  4 wights (D:6)
  3 howler monkeys (D:7)
  3 hounds
  An orc priest (D:6)
  2 orc wizards
  A bullfrog skeleton (D:6)
  A worker ant (D:6)
  A hound skeleton (D:6)
  A worker ant zombie (D:6)
  6 gnolls (D:3)
  6 adders
  2 shadow imps
  2 white imps
  2 ufetubi
  3 worms
  A dart slug (D:2)
  8 leopard geckos
  11 orcs
  7 bats
  6 giant cockroaches
  9 goblins
  9 hobgoblins
  17 jackals
  A quokka (D:2)
  A ball python skeleton (D:5)
  9 frilled lizards
  A jackal skeleton (D:5)
  11 kobolds
  A leopard gecko skeleton (D:4)
  11 rats
153 creatures vanquished.

Notes
Turn   | Place    | Note
-------+----------+-------------------------------------------
     0 | D:1      | ANON1729 the Troll Berserker began the quest for the Orb.
     0 | D:1      | Reached XP level 1. HP: 22/22 MP: 0/0
   243 | D:1      | Reached XP level 2. HP: 25/29 MP: 1/1
   691 | D:1      | Reached ** piety under Trog
   756 | D:1      | Reached XP level 3. HP: 35/36 MP: 2/2
  1059 | D:2      | Reached XP level 4. HP: 35/45 MP: 3/3
  1578 | D:3      | Reached *** piety under Trog
  1646 | D:3      | Reached XP level 5. HP: 11/53 MP: 4/4
  2129 | D:3      | Found a faded altar of an unknown god.
  2394 | D:4      | Found a white marble altar of Elyvilon.
  2508 | D:4      | Reached XP level 6. HP: 52/62 MP: 5/5
  2522 | D:4      | Found a bloodstained altar of Trog.
  2613 | D:4      | Reached **** piety under Trog
  2729 | D:4      | Noticed a hippogriff
  2742 | D:4      | Killed a hippogriff
  2742 | D:4      | Reached skill level 1 in Shields
  3003 | D:4      | Reached XP level 7. HP: 53/71 MP: 6/6
  3010 | D:5      | Entered Level 5 of the Dungeon
  3100 | D:5      | Reached skill level 5 in Maces & Flails
  3284 | D:5      | Found a snail-covered altar of Cheibriados.
  3400 | D:5      | Found a shadowy altar of Dithmenos.
  3749 | D:5      | Reached skill level 5 in Fighting
  3842 | D:6      | Reached XP level 8. HP: 80/80 MP: 7/7
  4011 | D:6      | Found a bloodstained altar of Trog.
  4213 | D:6      | Found a blossoming altar of Fedhas.
  4546 | D:6      | Found a burning altar of Makhleb.
  4591 | D:6      | Found Zin's Purification Station.
  4591 | D:6      | Found a glowing silver altar of Zin.
  4852 | D:7      | Found a sparkling altar of Nemelex Xobeh.
  4886 | D:7      | Reached skill level 5 in Dodging
  4912 | D:7      | Slain by a phantom

Illustrated notes

Levels and vault maps discovered:
D:1:      eino_arrival_tree_alley, layout_loops_corners,
          hangedman_decor_clover_reticule, chequers_serial_rivers_large_b
D:2:      layout_loops_cross, minmay_diced_spiral
D:3:      layout_loops_corners, chequers_ecumenical_altar_lobes
D:4:      layout_cave_pools, bloody_trog, elyvilon_altar_4
D:5:      minmay_general_purpose_star, layout_loops_cross, marbit_many_paths,
          cheibriados_altar_1
D:6:      layout_loops_ring, overflow_temple_1_default, zin_purify,
          nicolae_overflow_crystal_walls, trog_three_pillars_becter
D:7:      layout_cave_pools, nemelex_xobeh_ov_fountains_minmay,
          minmay_temple_entry_mist, kennysheep_generic_room_13

Skill      XL: |  1  2  3  4  5  6  7  8 |
---------------+-------------------------+-----
Maces & Flails | 3 4 5 6 |  6.7
Fighting       | 3 4 5 6 |  6.1
Dodging        | 3 4 5 |  5.0
Shields        | 1 2 3 |  3.0

Action                   |  1- 3 |  4- 6 |  7- 9 || total
-------------------------+-------+-------+-------++-------
Melee: Mace              |   150 |   162 |       ||   312
       Morningstar       |       |    69 |   228 ||   297
Invok: Berserk           |       |     4 |     3 ||     7
       Brothers in Arms  |       |       |     2 ||     2
  Use: Potion            |       |       |     2 ||     2
 Stab: Sleeping          |       |     1 |       ||     1
Armor: Animal skin       |    90 |    92 |    98 ||   280
Dodge: Dodged            |    94 |   165 |   172 ||   431

Table legend: (Time is in decaauts)
 A = Elapsed time spent in this place.
 B = Non-inter-level travel time spent in this place.
 C = Inter-level travel time spent in this place.
 D = Time resting spent in this place.
 E = Time spent auto-exploring this place.
 F = Levels seen in this place.
 G = Mean time per level.
                   A        B        C        D        E       F      G
               +--------+--------+--------+--------+--------+-----+--------+
         Total |   5134 |   4983 |    151 |    671 |   3120 |   7 |  733.4 |
       Dungeon |   5134 |   4983 |    151 |    671 |   3120 |   7 |  733.4 |
               +--------+--------+--------+--------+--------+-----+--------+

Top non-repeatable levels by time:
     D:6: 1099 daAuts
     D:3: 1021 daAuts
     D:1: 924 daAuts
     D:5: 789 daAuts
     D:4: 660 daAuts
     D:2: 553 daAuts
     D:7: 85 daAuts
